 Dungeon Crawl Stone Soup version 0.32-a0-841-g4648e6c457 (webtiles) character file.

Game seed: 7438974302346042364

3 ragingrage the Grave Robber (level 1, 0/15 HPs)
             Began as a Naga Necromancer on Mar 27, 2024.
             Slain by an adder (3 damage)
             ... on level 2 of the Dungeon.
             The game lasted 00:00:55 (193 turns).

ragingrage the Grave Robber (Naga Necromancer)       Turns: 193, Time: 00:00:56

Health: 0/15       AC:  1    Str: 10    XL:     1   Next: 50%
Magic:  0/3        EV:  8    Int: 15    God:
Gold:   17         SH:  0    Dex: 11    Spells: 3/4 levels left

rFire   . . .        a - +0 sling
rCold   . . .        (no shield)
rNeg    . . .        c - +0 robe
rPois   +            (no helmet)
rElec   .            (no cloak)
rCorr   .            (no gloves)
SInv    +            (no barding)
Will    .....        (no amulet)
Stlth   ++           (no ring)
HPRegen 0.22/turn    (no ring)
MPRegen 0.08/turn

%: no passive effects
@: lethally poisoned (0 -> -2), short of breath, very slow
A: AC +0, large, see invisible, deformed body, poison resistance, slowness 2,
spit poison 1, naga tail 1, stinger 1
a: Spit Poison


You were on level 2 of the Dungeon.
You visited 1 branch of the dungeon, and saw 2 of its levels.

You collected 17 gold pieces.

Inventory:

Hand Weapons
 a - a +0 sling (weapon)
 b - a +0 rapier
Missiles
 f - 2 boomerangs
Armour
 c - a +0 robe (worn)
Potions
 g - a potion of magic


   Skills:
 + Level 0.1 Short Blades
 - Level 1.5 Dodging
 + Level 3.2 Stealth
 - Level 2.0 Spellcasting
 + Level 4.0 Necromancy


You had 3 spell levels left.
You knew the following spells:

 Your Spells              Type           Power      Damage    Failure   Level
a - Necrotise             Necr           52%        1d6       4%          1

Your spell library contained the following spells:

 Spells                   Type           Power      Damage    Failure   Level
 Vampiric Draining        Necr           13%        2d6       12%         3
 Animate Dead             Necr           13%        N/A       38%         4
 Curse of Agony           Necr           13%        N/A       75%         5


Dungeon Overview and Level Annotations

Branches:
Dungeon (1/15)

Altars:


Innate Abilities, Weirdness & Mutations

Your serpentine skin is tough. (AC +0)
You have supernaturally acute eyesight. (SInv)
Armour fits poorly on your strangely shaped body.
Your system is resistant to poisons. (rPois)
You cover ground very slowly.
You can spit poison.
You have a snake-like lower body.
Your tail ends in a venomous barb.


Message History

Press: ? - help, Shift-Dir - straight line, f - adder
Aim: an adder (31% to hit)
You fail to use your ability.
Okay, then.
Casting: Necrotise (safe; 4% risk of failure)
Aiming: Necrotise (safe; 4% risk of failure)
Press: ? - help, Shift-Dir - straight line, f/p - adder
Aim: an adder (chance to affect: 76%)
The adder writhes in agony.
The adder bites you.
Casting: Necrotise (safe; 4% risk of failure)
Aiming: Necrotise (safe; 4% risk of failure)
Press: ? - help, Shift-Dir - straight line, f/p - adder
Aim: an adder (moderately wounded, chance to affect: 76%)
The adder writhes in agony.
The adder bites you. x2
Casting: Necrotise (safe; 4% risk of failure)
Aiming: Necrotise (safe; 4% risk of failure)
Press: ? - help, Shift-Dir - straight line, f/p - adder
Aim: an adder (heavily wounded, chance to affect: 76%)
The adder barely resists.
The adder bites you.
You are poisoned.
The adder poisons you!
Aiming: Spit Poison (3% risk of failure)
Press: ? - help, Shift-Dir - straight line, f/p - adder
Aim: an adder (heavily wounded, 31% to hit)
The splash of poison misses the adder.
You feel sick. The adder barely misses you.
Unknown command.
It was a potion of mutation.
You feel extremely strange.
A venomous barb forms on the end of your tail.
You feel sick. The adder closely misses you.
Unknown command.
Okay, then.
Okay, then.
As you read the scroll labelled AFODOA SEAMUNE, it crumbles to dust.
It is a scroll of identify.
You don't currently have any unidentified items.
You feel sick. The adder bites you.
* * * LOW HITPOINT WARNING * * *
The adder bites you.
You die...

#...............#
#...............#
#...............#
#...=...........#
#...............#
#...............#
###.####........#
#.............#
###@S.....#.##..
#........#.# ...
#........... ..
#$........
#........#
#.######## #. #.


You could see an adder.

Vanquished Creatures
  A goblin (D:1)
  A ball python (D:2)
  A bat (D:2)
  A frilled lizard (D:1)
4 creatures vanquished.

Notes
Turn   | Place    | Note
-------+----------+-------------------------------------------
     0 | D:1      | ragingrage the Naga Necromancer began the quest for the
                  | Orb.
     0 | D:1      | Reached XP level 1. HP: 15/15 MP: 3/3
   151 | D:1      | You fall into a shaft and drop 1 floor!
   192 | D:2      | Gained mutation: Your tail ends in a venomous barb. [potion
                  | of mutation]
   193 | D:2      | Slain by an adder

Illustrated notes

Levels and vault maps discovered:
D:1:      wander_arrival_fairy_ring, layout_basic
D:2:      layout_basic, nicolae_ecumenical_pavilion

Action                     || total
---------------------------++-------
   Fire: Sling             ||     4
   Cast: Necrotise         ||     7
Ability: Spit Poison       ||     1
    Use: Scroll            ||     1
         Potion            ||     1
 Armour: Robe              ||     6
  Dodge: Dodged            ||     2

Table legend: (Time is in decaauts)
 A = Elapsed time spent in this place.
 B = Non-inter-level travel time spent in this place.
 C = Inter-level travel time spent in this place.
 D = Time resting spent in this place.
 E = Time spent auto-exploring this place.
 F = Levels seen in this place.
 G = Mean time per level.
                   A        B        C        D        E       F      G
               +--------+--------+--------+--------+--------+-----+--------+
         Total |    245 |    245 |      0 |     35 |    127 |   2 |  122.5 |
       Dungeon |    245 |    245 |      0 |     35 |    127 |   2 |  122.5 |
               +--------+--------+--------+--------+--------+-----+--------+

Top non-repeatable levels by time:
     D:1: 190 daAuts
     D:2: 55 daAuts
